 Dungeon Crawl Stone Soup version 0.21-a0-417-g0adc95b (webtiles) character file.

9643 Tchochkeys the Spear-Bearer (level 11, -1/77 HPs)
             Began as an Octopode Gladiator on Nov 1, 2017.
             Was an Elder of Qazlal.
             Killed from afar by a rime drake (17 damage)
             ... with a flash freeze
             ... on level 1 of the Lair of Beasts on Nov 3, 2017.
             The game lasted 01:32:58 (14725 turns).

Tchochkeys the Spear-Bearer (Octopode Gladiator)   Turns: 14725, Time: 01:32:58

Health: -1/77      AC:  3    Str: 14    XL:     11   Next: 49%
Magic:  14/14      EV: 18    Int: 18    God:    Qazlal [****..]
Gold:   702        SH:  5    Dex: 20    Spells: 9/10 levels left

rFire    + + .     SeeInvis .   a - +1 trident
rCold    . . .     Gourm    .   (no shield)
rNeg     + + .     Faith    .   m - +2 hat
rPois    .         Spirit   .   H - amulet of magic regeneration
rElec    .         Reflect  .   i - ring of protection from fire
rCorr    .         Harm     .   p - ring of stealth
MR       .....                  z - +6 ring of dexterity
Stlth    ++........             Q - ring of positive energy
HPRegen  0.22/turn              R - ring of positive energy
MPRegen  0.39/turn              O - ring of protection from fire
                                U - +5 ring of intelligence
                                (no ring)

@: repel missiles
A: almost no armour, stealthy swim, amphibious, 8 rings, constrict 8, camouflage
1, gelatinous body 1
a: Upheaval, Elemental Force, Renounce Religion


You were on level 1 of the Lair of Beasts.
You worshipped Qazlal.
Qazlal was greatly pleased with you.
You were not hungry.

You visited 2 branches of the dungeon, and saw 12 of its levels.
You also visited: Sewer.

You collected 702 gold pieces.

Inventory:

Hand Weapons
 a - a +1 trident (weapon)
 b - a +2 hunting sling of flaming
Missiles
 c - 3 throwing nets (quivered)
 q - 34 poisoned needles
 L - 74 sling bullets
Armour
 m - a +2 hat (worn)
Jewellery
 i - a ring of protection from fire (left tentacle)
 p - a ring of stealth (right tentacle)
 z - a +6 ring of dexterity (on tentacle)
 H - an amulet of magic regeneration (around mantle)
 J - an uncursed amulet of faith
 O - a ring of protection from fire (on tentacle)
 Q - a ring of positive energy (on tentacle)
 R - a ring of positive energy (on tentacle)
 U - a +5 ring of intelligence (on tentacle)
Wands
 u - a wand of flame (21/48)
 A - a wand of confusion (15/48)
 D - a wand of polymorph (6/24)
 E - a wand of polymorph (15/24)
 V - a wand of lightning (8/15)
Scrolls
 k - 2 scrolls of enchant weapon
 s - a scroll of acquirement {unknown}
 t - 2 scrolls of blinking {unknown}
 y - 2 scrolls of remove curse
 C - a scroll of immolation {unknown}
 F - a scroll of recharging
 I - 2 scrolls of random uselessness {unknown}
 K - 2 scrolls of amnesia {unknown}
 P - 5 scrolls of fog {unknown}
 S - 3 scrolls of enchant armour
 T - 4 scrolls of identify
Potions
 e - a potion of agility
 f - 2 potions of flight
 g - 6 potions of brilliance
 h - 2 potions of might
 n - a potion of magic
 o - 3 potions of resistance
 w - 2 potions of heal wounds
 x - a potion of lignification
 B - 7 potions of curing
 G - a potion of ambrosia {unknown}
 N - 2 potions of berserk rage {unknown}
Books
 l - a book of Cantrips

   Spells                             Type                      Level
   a - Confusing Touch                Hexes                        1
   b - Animate Skeleton               Necromancy                   1
   c - Summon Small Mammal            Summoning                    1
   d - Apportation                    Translocation                1
Comestibles
 d - 10 bread rations
 j - 10 fruits
 r - 10 royal jellies
 v - 8 meat rations
 M - 2 chunks of flesh


   Skills:
 - Level 8.0 Fighting
 + Level 13.6 Polearms
 - Level 2.0 Throwing
 - Level 7.0 Dodging
 - Level 5.2 Invocations


You had 9 spell levels left.
You knew the following spells:

 Your Spells              Type           Power        Failure   Level  Hunger
a - Animate Skeleton      Necr           N/A          22%         1    ##.....


Dungeon Overview and Level Annotations

Branches:
Dungeon (11/15)            Temple (0/1) D:5            Lair (1/6) D:8
    Orc: D:9-12

Altars:
Ashenzari
Cheibriados
Elyvilon
Gozag
Kikubaaqudgha
Nemelex Xobeh
Okawaru
Qazlal
Trog
Uskayaw
Vehumet
Wu Jian
Xom
The Shining One

Shops:
D:3 *   D:10 *


Innate Abilities, Weirdness & Mutations

You cannot wear most types of armour.
You are very stealthy in the water. (Stealth+)
You are amphibious.
You can wear up to eight rings at the same time.
You can use your tentacles to constrict eight enemies at once.
Your skin changes colour to match your surroundings (Stealth+).
Your rubbery body absorbs attacks. (AC +1, EV +1)


Message History

You lose your grip on the water moccasin.
The water moccasin bites you but does no damage. x2
You puncture the water moccasin!
You kill the water moccasin!
Qazlal accepts your kill.
You start resting.
You hear a loud, deep croak!
Some of the chunks of flesh in your inventory have rotted away.
Your transformation is almost over.
You start resting.
You feel less wooden.
Your +2 hat unmelds from your body.
You start resting.
You hear an angry hiss. x4
A rime drake comes into view.
A rime drake is nearby!
A rime drake is nearby!
The rime drake breathes ice at you. The flash freeze hits you!
You die...

........#..# ## P..#
........#.###.# #..#
###..........## #..# #
#...........# #..#
###..........# #..##
##...........## #...#
..............####..#.......
.............###P#§.##......
.#...........k..@.§.# ......
###...............§.# .....
# #............§§...# ......
###.................##......
.##...........####..........
###..........## ##........
###..........####.........
#.#...........#P...###.....
..###....#####.......)......


You could see a rime drake.

Vanquished Creatures
  A hydra (D:10)
  2 two-headed ogres (D:10)
  Pikel (D:7)
  An elephant (D:8)
  Joseph (D:8)
  A gargoyle (D:10)
  A spiny frog (Lair:1)
  Grinder (D:3)
  A hippogriff (D:8)
  3 yaks
  2 basilisks (D:8)
  Menkaure (D:7)
  3 water moccasins (Lair:1)
  4 porcupines (Lair:1)
  2 sky beasts
  An orc warrior (D:10)
  3 slaves (D:7)
  2 necrophages
  3 phantoms
  4 ice beasts
  5 ogres
  2 centaurs
  A crocodile (D:8)
  A big kobold (D:9)
  6 bullfrogs
  2 scorpions
  A water moccasin skeleton (D:10)
  7 killer bees
  A howler monkey (D:4)
  A bullfrog zombie (D:5)
  3 crimson imps
  A quasit (D:7)
  3 hounds
  2 orc priests (D:6)
  2 bullfrog skeletons
  Crazy Yiuf (D:7)
  3 jellies (D:10)
  3 orc wizards
  2 worker ants
  Ijyb (D:3)
  2 iguanas
  A hound zombie (D:5)
  A howler monkey skeleton (D:6)
  11 adders
  5 river rats (Sewer)
  A shadow imp (D:9)
  7 oozes
  3 adder skeletons
  6 worms
  10 leopard geckos
  13 orcs
  8 bats
  6 giant cockroaches
  9 hobgoblins
  9 jackals
  26 kobolds
  4 quokkas
  6 ball pythons
  7 frilled lizards
  17 goblins
  2 jackal skeletons
  26 rats
  A fungus (D:7)
267 creatures vanquished.

Vanquished Creatures (collateral kills)
  A two-headed ogre (D:10)
  2 orc wizards (D:3)
3 creatures vanquished.

Vanquished Creatures (others)
  A withered plant (D:7)
1 creature vanquished.

Grand Total: 271 creatures vanquished

Notes
Turn   | Place    | Note
-------+----------+-------------------------------------------
     0 | D:1      | Tchochkeys the Octopode Gladiator began the quest for the Orb.
     0 | D:1      | Reached XP level 1. HP: 14/14 MP: 1/1
   184 | D:1      | Reached XP level 2. HP: 19/19 MP: 2/2
   669 | D:2      | Reached skill level 4 in Polearms
   693 | D:2      | Reached XP level 3. HP: 24/24 MP: 3/3
   999 | D:2      | Found a faded altar of an unknown god.
  1008 | D:2      | Became a worshipper of Qazlal Stormbringer
  1008 | D:2      | Reached * piety under Qazlal
  1143 | D:2      | Reached XP level 4. HP: 25/29 MP: 4/4
  1665 | D:3      | Found a hide-covered altar of Uskayaw.
  1675 | D:3      | Noticed Grinder
  1807 | D:3      | Found Gozag's Platinum Reserve.
  1808 | D:3      | Found an opulent altar of Gozag.
  1973 | D:3      | Reached skill level 5 in Polearms
  2033 | D:3      | Paralysed by Grinder for 2 turns
  2362 | D:4      | Reached ** piety under Qazlal
  2394 | D:4      | Reached XP level 5. HP: 27/34 MP: 5/5
  2513 | D:4      | Found a bloodstained altar of Trog.
  2791 | D:4      | Found a shimmering altar of Xom.
  2795 | D:4      | Found a white marble altar of Elyvilon.
  2800 | D:4      | Found a sparkling altar of Nemelex Xobeh.
  2864 | D:4      | Found an ornate altar of the Wu Jian Council.
  3434 | D:5      | Entered Level 5 of the Dungeon
  3441 | D:5      | Found a shattered altar of Ashenzari.
  3441 | D:5      | Found an iron altar of Okawaru.
  3626 | D:5      | Found a glowing drain.
  3649 | Sewer    | Entered a sewer
  3714 | Sewer    | Reached XP level 6. HP: 39/39 MP: 6/6
  3754 | Sewer    | Reached skill level 6 in Polearms
  4113 | Sewer    | Reached *** piety under Qazlal
  4686 | D:5      | Found a staircase to the Ecumenical Temple.
  4742 | D:5      | Noticed a necrophage
  4753 | D:5      | Killed a necrophage
  4800 | D:5      | Noticed a phantom
  4812 | D:5      | Killed a phantom
  4812 | D:5      | Reached XP level 7. HP: 24/46 MP: 7/9
  5641 | D:3      | Noticed Ijyb
  5692 | D:3      | Killed Ijyb
  5837 | D:3      | Killed Grinder
  5837 | D:3      | Reached XP level 8. HP: 54/54 MP: 9/11
  5961 | D:6      | Reached skill level 5 in Fighting
  6095 | D:6      | Upgraded the game from 0.21-a0-405-gf2af9a1 to 0.21-a0-417-g0adc95b
  6179 | D:6      | Reached skill level 5 in Invocations
  6629 | D:6      | Found a snail-covered altar of Cheibriados.
  6733 | D:6      | Reached skill level 7 in Polearms
  7228 | D:6      | Learned a level 1 spell: Animate Skeleton
  7429 | D:7      | Reached skill level 8 in Polearms
  7861 | D:7      | Found a radiant altar of Vehumet.
  7875 | D:7      | Found an ancient bone altar of Kikubaaqudgha.
  7954 | D:7      | Noticed Menkaure
  8019 | D:7      | Reached skill level 9 in Polearms
  8019 | D:7      | Reached XP level 9. HP: 52/61 MP: 12/12
  8413 | D:7      | Noticed Pikel
  8424 | D:7      | Killed Pikel
  8424 | D:7      | Reached skill level 5 in Dodging
  8724 | D:7      | Found a runed door.
  8730 | D:7      | Noticed Crazy Yiuf
  8733 | D:7      | Killed Crazy Yiuf
  9075 | D:7      | Killed Menkaure
  9411 | D:8      | Reached skill level 10 in Polearms
  9411 | D:8      | Reached XP level 10. HP: 71/71 MP: 13/13
  9460 | D:8      | Found a glowing golden altar of the Shining One.
  9504 | D:8      | Noticed an elephant
  9511 | D:8      | Killed an elephant
  9924 | D:8      | Found a staircase to the Lair.
  9986 | D:8      | Noticed Joseph
 10386 | D:8      | Killed Joseph
 11125 | D:9      | Noticed a two-headed ogre
 11832 | D:10     | Entered Level 10 of the Dungeon
 11834 | D:10     | Found Cankaf's Assorted Antiques.
 12001 | D:10     | Noticed a two-headed ogre
 12011 | D:10     | Killed a two-headed ogre
 12011 | D:10     | Reached skill level 11 in Polearms
 12100 | D:10     | Noticed a two-headed ogre
 12111 | D:10     | Found the +6 lightning scales {run, rElec}
 12574 | D:10     | Killed a two-headed ogre
 12855 | D:10     | Noticed a two-headed ogre
 12874 | D:10     | Reached skill level 12 in Polearms
 12882 | D:10     | Killed a two-headed ogre
 12882 | D:10     | Reached XP level 11. HP: 31/77 MP: 14/14
 13880 | D:11     | Noticed a four-headed hydra
 13896 | D:10     | Killed a four-headed hydra
 13896 | D:10     | Reached skill level 13 in Polearms
 14189 | D:11     | Noticed a red ugly thing
 14400 | Lair:1   | Entered Level 1 of the Lair of Beasts
 14577 | Lair:1   | Reached **** piety under Qazlal
 14725 | Lair:1   | Killed from afar by a rime drake

Vault maps used:
D:1:      roderic_dead_forest
D:2:      chequers_ecumenical_altar_simple_redux, first_bread
D:3:      nicolae_overflow_crystal_walls, nicolae_gozag_zags_fifth_avenue,
          uniq_ijyb, uniq_grinder
D:4:      cheibrodos_greedy_goblins, lightli_temple_of_fire, kennysheep_mini,
          minmay_overflow_temple_star_quad, item_on_display_a
D:5:      gammafunk_temple_overflow_elements, minmay_temple_entry_metal_lava,
          cheibrodos_sewer_entry_bend
D:6:      slow_altar_2, minmay_hedge_maze
D:7:      kennysheep_mini_moat, kiku_gazebo_garden_becter, uniq_menkaure,
          uniq_pikel, uniq_crazy_yiuf_cottage
D:8:      tso_metal_star, david_lair_generic, uniq_joseph
D:10:     serial_shops, nicolae_shop_competitors_out_of_business,
          hangedman_little_slice_of_home
D:11:     uniq_grum
Lair:1:   minmay_lair_oklob_items, lemuel_oklob_altar, grunt_megastairs_2
Sewer:    sewer_minmay_treatment

Skill      XL: |  1  2  3  4  5  6  7  8  9 10 11 |
---------------+----------------------------------+-----
Polearms       | 4 5 6 9 10 12 13 | 13.6
Dodging        | 4 6 7 |  7.0
Invocations    | 2 4 5 |  5.2
Fighting       | 3 4 5 7 8 |  8.0
Throwing       | |  2.0

Action                   |  1- 3 |  4- 6 |  7- 9 | 10-12 || total
-------------------------+-------+-------+-------+-------++-------
Melee: Trident           |    59 |   161 |   230 |   251 ||   701
       Constrict         |    12 |    38 |    46 |    30 ||   126
       Tentacles         |     9 |    27 |    48 |    68 ||   152
       Unarmed           |       |       |    25 |       ||    25
 Fire: Hunting sling     |    39 |    46 |    47 |    30 ||   162
Throw: Throwing net      |     1 |       |     1 |       ||     2
Invok: Upheaval          |       |     1 |     4 |     1 ||     6
       Elemental Force   |       |       |     1 |     2 ||     3
  Use: Scroll            |       |     9 |     8 |     6 ||    23
       Potion            |       |       |     1 |     4 ||     5
 Stab: Sleeping          |     5 |       |       |       ||     5
       Distracted        |     1 |       |       |     1 ||     2
       Held in net/web   |     1 |       |       |       ||     1
  Eat: Chunk             |     1 |     8 |    11 |    13 ||    33
       Royal jelly       |       |     1 |     2 |     2 ||     5
Armor: Skin              |     2 |     8 |    13 |    24 ||    47
Dodge: Dodged            |    29 |    69 |   135 |   142 ||   375
Block: Other             |       |    21 |    20 |    27 ||    68

Table legend:
 A = Spawn XP
 B = Non-spawn XP
 C = Spawn XP percentage of total XP
 D = Spawn monster count
 E = Non-spawn monster count
 F = Spawn count percentage of total count
 G = Total turns spent on level
                    A         B        C        D         E        F      G
               +---------+---------+-------+---------+---------+-------+---------
         Total |       0 |   13776 |   0.0 |       0 |     266 |   0.0 | 14725
               +---------+---------+-------+---------+---------+-------+---------
           D:1 |       0 |      26 |   0.0 |       0 |      17 |   0.0 |   639
           D:2 |       0 |      71 |   0.0 |       0 |      28 |   0.0 |   994
           D:3 |       0 |     482 |   0.0 |       0 |      23 |   0.0 |  1172
           D:4 |       0 |     176 |   0.0 |       0 |      20 |   0.0 |  1202
           D:5 |       0 |     352 |   0.0 |       0 |       8 |   0.0 |  1019
           D:6 |       0 |     652 |   0.0 |       0 |      17 |   0.0 |  1655
           D:7 |       0 |    1627 |   0.0 |       0 |      20 |   0.0 |  1664
           D:8 |       0 |    3007 |   0.0 |       0 |      29 |   0.0 |  1499
           D:9 |       0 |     667 |   0.0 |       0 |      15 |   0.0 |  1407
          D:10 |       0 |    4910 |   0.0 |       0 |      31 |   0.0 |  2170
          D:11 |       0 |     136 |   0.0 |       0 |       1 |   0.0 |    61
        Lair:1 |       0 |    1526 |   0.0 |       0 |       9 |   0.0 |   325
         Sewer |       0 |     144 |   0.0 |       0 |      48 |   0.0 |   918
               +---------+---------+-------+---------+---------+-------+---------
